 Dungeon Crawl Stone Soup version 0.26-a0-376-g13fbb91 (webtiles) character file.

Game seed: 460720203407454099

6680 Illumine the Cleaver (level 10, 0/130 HPs)
             Began as a Palentonga Fighter on July 19, 2020.
             Was an Elder of Makhleb.
             Slain by a killer bee (7 damage)
             ... on level 10 of the Dungeon.
             The game lasted 00:20:03 (12500 turns).

Illumine the Cleaver (Palentonga Fighter)          Turns: 12500, Time: 00:20:03

Health: 0/130      AC: 13    Str: 23    XL:     10   Next: 73%
Magic:  15/15      EV:  5    Int:  9    God:    Makhleb [****..]
Gold:   524        SH:  0    Dex:  9    Spells: 9/9 levels left

rFire    . . .     SeeInvis +   j - +0 battleaxe
rCold    . . .     Faith    .   (shield currently unavailable)
rNeg     . . .     Spirit   .   I - +0 plate armour
rPois    .         Reflect  .   i - +0 helmet
rElec    .         Harm     .   (no cloak)
rCorr    +         Rnd*Rage +   y - +0 pair of gloves
MR       .....                  (boots restricted)
Stlth    ..........             (no amulet)
HPRegen  0.31/turn              b - ring of wizardry
MPRegen  0.14/turn              z - ring of resist corrosion

@: berserking, very quick
A: large, rugged brown scales 3, see invisible, berserk 1, deformed body,
MP-powered wands, roll, armoured tail
a: Rolling Charge, Minor Destruction, Lesser Servant of Makhleb, Major
Destruction, Renounce Religion


You were on level 10 of the Dungeon.
You worshipped Makhleb.
Makhleb was greatly pleased with you.
You visited 1 branch of the dungeon, and saw 10 of its levels.
You also visited: Sewer.

You collected 524 gold pieces.

Inventory:

Hand Weapons
 a - a +1 war axe
 e - a +0 dire flail
 j - a +0 battleaxe (weapon)
 q - a +2 flail of holy wrath
 J - a cursed +2 morningstar of freezing
Missiles
 l - 32 poisoned darts
 C - 7 atropa-tipped darts (quivered)
 D - a throwing net
Armour
 c - a +0 kite shield
 i - a +0 helmet (worn)
 y - a +0 pair of gloves (worn)
 I - a +0 plate armour (worn)
Jewellery
 b - a ring of wizardry (left hand)
 w - an uncursed amulet of regeneration {unknown}
 z - a ring of resist corrosion (right hand)
Wands
 k - a wand of acid (7)
 r - a wand of polymorph (4)
 G - a wand of disintegration (14)
 K - a wand of iceblast (9)
Scrolls
 g - 11 scrolls of teleportation
 n - a scroll of blinking
 o - a scroll of enchant weapon
 p - a scroll of amnesia
 t - 2 scrolls of enchant armour {unknown}
 u - 2 scrolls of identify
 v - a scroll of magic mapping {unknown}
 A - a scroll of summoning {unknown}
 B - a scroll of fear
 H - 2 scrolls of remove curse
Potions
 f - a potion of flight
 h - 2 potions of brilliance
 m - a potion of cancellation
 s - 2 potions of haste
 x - a potion of invisibility
 F - 3 potions of mutation
 L - a potion of ambrosia {unknown}


   Skills:
 + Level 8.6 Fighting
 + Level 9.5 Axes
 + Level 7.1 Armour
 + Level 0.3 Dodging
 - Level 3.6 Shields
 + Level 7.4 Invocations


You had 9 spell levels left.
You didn't know any spells.
Your spell library contained the following spells:

 Spells                   Type           Power        Failure   Level
 Corona                   Hex            #......      91%         1
 Ensorcelled Hibernation  Hex/Ice        #.....       97%         2
 Confusing Touch          Hex            #.......     99%         3
 Dazzling Flash           Conj/Hex       #.....       99%         3
 Tukima's Dance           Hex            #.......     99%         3


Dungeon Overview and Level Annotations

Branches:
Dungeon (10/15)            Temple (0/1) D:6           Sewer (visited)
   Lair: D:8-11         Orc: D:9-12

Altars:
Ashenzari
Dithmenos
Elyvilon
Fedhas
Kikubaaqudgha
Makhleb
Okawaru
Sif Muna
Uskayaw
Vehumet
Wu Jian
Xom
Zin
The Shining One

Annotations:
D:7 exclusion: statue


Innate Abilities, Weirdness & Mutations

You are completely covered in rugged brown scales. (AC +3, +7% HP)
You have supernaturally acute eyesight. (SInv)
Armour fits poorly on your strangely shaped body.
You can roll at foes to attack.
You have a long armoured tail.
You tend to lose your temper in combat.
You expend magic power (3 MP) to strengthen your wands.


Message History

The killer bee stings you but does no damage. x2
Your plate armour prevents you from hitting the killer bee.
Your tail-slap misses the killer bee.
The killer bee is severely wounded.
The killer bee stings you but does no damage.
You closely miss the killer bee.
Your tail-slap misses the killer bee.
The killer bee is severely wounded.
The killer bee stings you but does no damage. x2
Your plate armour prevents you from hitting the killer bee.
The killer bee is severely wounded.
The killer bee stings you.
* * * LOW HITPOINT WARNING * * *
The killer bee completely misses you.
You miss the killer bee.
The killer bee is severely wounded.
The killer bee stings you but does no damage.
You completely miss the killer bee.
Your tail-slap misses the killer bee.
The killer bee is severely wounded.
The killer bee stings you!
You die...

#.....######..#...
####..........#...
#.............#...
#.............#...
#y............#...
#yy...........'.).
#y########+#..####
#y# #...... #@#
#...... #.# #......
#.##########......
#.................
#................#
####....#############
#.......# #########


You could see 5 killer bees.

Vanquished Creatures
  Harold (D:7)
  A two-headed ogre (D:9)
  Psyche (D:8)
  A hornet (D:9)
  Grinder (D:4)
  3 yaks (D:10)
  2 water moccasins
  3 orc warriors
  A black bear (D:8)
  4 sky beasts
  7 ogres
  A phantom (D:6)
  A centaur (D:6)
  2 big kobolds
  10 bullfrogs
  A water moccasin zombie (D:8)
  3 scorpions
  5 wights (D:9)
  3 howler monkeys
  A centaur skeleton (D:8)
  5 hounds
  A bullfrog skeleton (D:9)
  2 orc priests (D:8)
  3 iguanas
  6 orc wizards
  6 worker ants
  2 hound zombies
  2 hound skeletons
  Robin (D:4)
  4 gnolls (D:6)
  17 adders
  A shadow imp (D:8)
  A white imp (D:8)
  13 oozes (Sewer)
  An adder skeleton (D:4)
  An adder zombie (D:8)
  A dart slug (D:1)
  12 leopard geckos
  38 orcs
  12 ball pythons (Sewer)
  10 giant cockroaches
  19 goblins
  10 hobgoblins
  26 jackals
  12 kobolds
  3 quokkas
  4 bats
  12 frilled lizards
  A jackal zombie (D:8)
  A quokka skeleton (D:6)
  5 rats
284 creatures vanquished.

Vanquished Creatures (others)
  An orc wizard (D:8)
1 creature vanquished.

Grand Total: 285 creatures vanquished

Notes
Turn   | Place    | Note
-------+----------+-------------------------------------------
     0 | D:1      | Illumine the Palentonga Fighter began the quest for the
                  | Orb.
     0 | D:1      | Reached XP level 1. HP: 19/19 MP: 1/1
   252 | D:1      | Reached XP level 2. HP: 25/25 MP: 2/2
  1489 | D:2      | Reached XP level 3. HP: 31/31 MP: 3/3
  1705 | D:2      | Reached skill level 3 in Axes
  1891 | D:2      | Gained mutation: You tend to lose your temper in combat.
                  | [potion of mutation]
  1891 | D:2      | Gained mutation: You expend magic power (3 MP) to
                  | strengthen your wands. [potion of mutation]
  1919 | D:2      | Reached XP level 4. HP: 16/38 MP: 4/4
  3465 | D:3      | Found a glowing golden altar of the Shining One.
  3505 | D:3      | Reached XP level 5. HP: 26/44 MP: 5/5
  3511 | D:3      | Reached skill level 4 in Axes
  4159 | D:3      | Found a burning altar of Makhleb.
  4159 | D:3      | Noticed a green death
  4162 | D:3      | Noticed a hellwing
  4162 | D:3      | Noticed a neqoxec
  4230 | D:3      | Found a shadowy altar of Dithmenos.
  4233 | D:3      | Found a blossoming altar of Fedhas.
  4345 | D:3      | Became a worshipper of Makhleb the Destroyer
  4392 | D:4      | Found an ancient bone altar of Kikubaaqudgha.
  4431 | D:4      | Found an ornate altar of the Wu Jian Council.
  4619 | D:4      | Noticed Robin
  4847 | D:3      | Reached * piety under Makhleb
  4847 | D:3      | Reached XP level 6. HP: 45/51 MP: 6/6
  4871 | D:4      | Killed Robin
  4936 | D:4      | Found a glowing drain.
  4940 | Sewer    | Entered a sewer
  5181 | Sewer    | Reached skill level 5 in Axes
  5282 | Sewer    | Reached ** piety under Makhleb
  5552 | Sewer    | Reached XP level 7. HP: 39/58 MP: 7/7
  5743 | D:4      | Noticed Grinder
  5759 | D:5      | Entered Level 5 of the Dungeon
  5813 | D:5      | Found a shattered altar of Ashenzari.
  6222 | D:5      | Found a shimmering altar of Xom.
  6354 | D:6      | Reached skill level 5 in Fighting
  6354 | D:6      | Reached skill level 6 in Axes
  6513 | D:6      | Reached skill level 1 in Invocations
  6678 | D:6      | Found a glowing silver altar of Zin.
  6691 | D:6      | Found a staircase to the Ecumenical Temple.
  6972 | D:6      | Reached XP level 8. HP: 67/67 MP: 9/9
  7217 | D:6      | Reached skill level 7 in Axes
  7547 | D:7      | Noticed Harold
  7574 | D:7      | Killed Harold
  7574 | D:7      | Reached skill level 5 in Armour
  7574 | D:7      | Reached XP level 9. HP: 54/74 MP: 10/12
  7855 | D:7      | Found a hide-covered altar of Uskayaw.
  8165 | D:7      | Found an iron altar of Okawaru.
  8247 | D:7      | Reached *** piety under Makhleb
  8343 | D:7      | Found a radiant altar of Vehumet.
  8617 | D:8      | Reached skill level 8 in Axes
  8731 | D:8      | Noticed a two-headed ogre
  9097 | D:4      | Killed Grinder
  9097 | D:4      | Reached skill level 5 in Invocations
  9579 | D:8      | Noticed Psyche
  9592 | D:8      | HP: 3/77 [disintegration (9)]
  9608 | D:8      | Killed Psyche
  9968 | D:8      | Reached XP level 10. HP: 84/84 MP: 14/14
 10189 | D:8      | Found a shimmering blue altar of Sif Muna.
 10752 | D:9      | Noticed a two-headed ogre
 10755 | D:9      | Killed a two-headed ogre
 10755 | D:9      | Reached skill level 9 in Axes
 11085 | D:9      | Found a white marble altar of Elyvilon.
 11236 | D:9      | Reached **** piety under Makhleb
 11421 | D:10     | Entered Level 10 of the Dungeon
 11876 | D:10     | Paralysed by a hornet for 2 turns
 12457 | D:10     | Found a blossoming altar of Fedhas.
 12500 | D:10     | Slain by a killer bee

Illustrated notes

Levels and vault maps discovered:
D:1:      psy_arrival_heroes, layout_basic, solitary_fountain, kennysheep_boxes
D:2:      layout_basic
D:3:      layout_rooms, nicolae_tso_swordbearing_angel, minitemple,
          makhleb_altar_promises_db
D:4:      layout_rooms, overflow_temple_1_default, kiku_gazebo_garden_becter,
          gup_sewer_entry_bowl, uniq_robin, uniq_grinder
D:5:      layout_gridville, kennysheep_little_box, basic_altar
D:6:      layout_gridville, zin_scriptorium, minmay_temple_entry_antechambers
D:7:      layout_gridville, okawaru_trees_2, vehumet_statue,
          eat_drink_and_be_merry_uskayaw, uniq_harold
D:8:      layout_basic, lemuel_blue_sif_altar, uniq_psyche
D:9:      layout_basic, elyvilon_altar_5
D:10:     layout_irregular_city, orc_0_dummy, fedhas_altar_1

Skill      XL: |  1  2  3  4  5  6  7  8  9 10 |
---------------+-------------------------------+-----
Axes           | 3 4 5 6 7 8 9 |  9.5
Armour         | 3 4 5 6 7 |  7.1
Fighting       | 4 5 6 7 8 |  8.6
Invocations    | 2 4 6 7 |  7.4
Shields        | 3 |  3.6
Dodging        | |  0.3

Action                   |  1- 3 |  4- 6 |  7- 9 | 10-12 || total
-------------------------+-------+-------+-------+-------++-------
Melee: War axe           |   125 |   287 |   121 |       ||   533
       Tailslap          |    11 |    25 |    37 |    25 ||    98
       Battleaxe         |       |       |   143 |   214 ||   357
       Unarmed           |       |       |     5 |       ||     5
Throw: Dart              |     1 |       |     5 |       ||     6
 Abil: Rolling Charge    |    26 |    17 |    32 |    25 ||   100
  Use: Potion            |     5 |     1 |     2 |     6 ||    14
       Scroll            |       |     6 |     3 |     8 ||    17
 Stab: Invisible         |       |       |     3 |       ||     3
Armor: Scale mail        |    20 |       |       |       ||    20
       Chain mail        |    48 |   196 |   149 |       ||   393
       Skin              |    17 |       |    34 |       ||    51
       Plate armour      |       |       |     3 |   174 ||   177
Dodge: Dodged            |    18 |    43 |    66 |    59 ||   186
Block: Kite shield       |    62 |   141 |    67 |       ||   270

Table legend: (Time is in decaauts)
 A = Elapsed time spent in this place.
 B = Non-inter-level travel time spent in this place.
 C = Inter-level travel time spent in this place.
 D = Time resting spent in this place.
 E = Time spent auto-exploring this place.
 F = Levels seen in this place.
 G = Mean time per level.
                   A        B        C        D        E       F      G
               +--------+--------+--------+--------+--------+-----+--------+
         Total |  13012 |  12474 |    538 |   4572 |   5627 |  11 | 1182.9 |
       Dungeon |  12129 |  11591 |    538 |   4230 |   5412 |  10 | 1212.9 |
         Sewer |    882 |    882 |      0 |    342 |    215 |   1 |  882.0 |
               +--------+--------+--------+--------+--------+-----+--------+
